 Dungeon Crawl Stone Soup version 0.19-a0-1903-gead39cf (webtiles) character file.

56 LORDOFBUTT the Sneak (level 3, -2/16 HPs)
             Began as a Spriggan Conjurer on Oct 21, 2016.
             Slain by Robin
             ... wielding a +0 club
              (3 damage)
             ... on level 2 of the Dungeon.
             The game lasted 00:05:10 (2171 turns).

LORDOFBUTT the Sneak (Spriggan Conjurer)            Turns: 2171, Time: 00:05:10

Health: -2/16      AC:  2    Str:  4    XL:     3   Next: 69%
Magic:  2/8        EV: 19    Int: 17    God:
Gold:   109        SH:  0    Dex: 16    Spells: 3 memorised, 2 levels left

rFire  . . .     SeeInvis +     j - +0 short sword
rCold  . . .     Gourm    .     a - +0 robe
rNeg   . . .     Faith    .     (shield restricted)
rPois  .         Spirit   .     (helmet restricted)
rElec  .         Reflect  .     (no cloak)
rCorr  .         Harm     .     (gloves unavailable)
MR     .....                    (boots unavailable)
Stlth  +++.......               (no amulet)
                                (no ring)
                                (no ring)

@: very quick
A: unfitting armour, see invisible, herbivore 3, speed 3, slow metabolism 2
a: no special abilities


You were on level 2 of the Dungeon.
You were not hungry.

You visited 1 branch of the dungeon, and saw 2 of its levels.

You collected 109 gold pieces.

Inventory:

Hand Weapons
 j - a +0 short sword (weapon)
Armour
 a - a +0 robe (worn)
Jewellery
 p - an uncursed ring of protection from magic {unknown}
Scrolls
 d - 2 scrolls of recharging {unknown}
 f - a scroll of remove curse {unknown}
 g - a scroll of fear {unknown}
 i - 2 scrolls of enchant weapon {unknown}
 l - 4 scrolls of identify {unknown}
 m - a scroll of blinking {unknown}
 n - a scroll of immolation {unknown}
 o - a scroll of amnesia {unknown}
 r - a scroll of magic mapping {unknown}
Potions
 e - a potion of invisibility {unknown}
 h - a potion of magic {unknown}
 k - 2 potions of curing {unknown}
 q - a potion of lignification {unknown}
Books
 b - a book of Conjurations

   Spells                             Type                      Level
   a - Magic Dart                     Conjuration                  1
   b - Searing Ray                    Conjuration                  2
   c - Dazzling Spray                 Conjuration/Hexes            3
   d - Fulminant Prism                Conjuration/Hexes            4
   e - Iskenderun's Mystic Blast      Conjuration                  4
   f - Iskenderun's Battlesphere      Conjuration/Charms           5
Comestibles
 c - 8 bread rations


   Skills:
 * Level 1.6 Short Blades
 + Level 3.4 Dodging
 + Level 3.7 Stealth
 + Level 3.0 Spellcasting
 + Level 3.4 Conjurations


You had 2 spell levels left.
You knew the following spells:

 Your Spells              Type           Power        Failure   Level  Hunger
a - Magic Dart            Conj           ##..         4%          1    None
b - Dazzling Spray        Conj/Hex       #.....       30%         3    ###....
c - Searing Ray           Conj           ##....       10%         2    ##.....


Dungeon Overview and Level Annotations

Branches:
Dungeon (2/15)

Altars:
Cheibriados

Annotations:
D:2 1 runed door, Robin


Innate Abilities, Weirdness & Mutations

You are very small and have problems with some larger weapons.
You are too small for most types of armour.
You have supernaturally acute eyesight. (SInv)
You are a herbivore.
You cover ground extremely quickly.
You need consume almost no food.


Message History

The bat hits you but does no damage.
You hit the bat.
You kill the bat!
Casting: Searing Ray
Confirm with . or Enter, or press ? or * to list all spells.
Aiming: Searing Ray
Press: ? - help, Shift-Dir - straight line, f - Robin
Aim: Robin, wielding a club, wearing an animal skin and wearing a helmet The searing ray hits Robin.
Robin is moderately wounded.
The searing ray hits Robin.
Robin is almost dead.
You finish channeling your searing ray.
Robin barely misses you. Robin closely misses you. Robin hits you with a club.
* * * LOW HITPOINT WARNING * * *
You hit Robin but do no damage.
Robin is almost dead.
Robin hits you with a club.
You die...

.................###...#
..###.###...#....#.#.g##
#.###.# #...#...#.⌠.#..#
._..#.# #...#.#..#.#...#
#+#
#.#.#.###...#.##.###...#
##.#
.......................#
#.##
#<###.####..#.###......#
##.#
..........<...###......#
#.##
................@g..>..#
##.##
#############..........#
#..)##
.......................#
#..).#
#############.###......#
##..## ###########.#
#......# #)...###
#...........# #.######
##....#. #############
#.# ##.#.## #.# #...#
#.# ###.#


You could see Robin.

Vanquished Creatures
  An adder (D:2)
  2 dart slugs (D:1)
  A leopard gecko (D:2)
  2 ball pythons (D:2)
  8 bats
  2 giant cockroaches
  12 goblins
  2 hobgoblins (D:1)
  2 quokkas (D:2)
  A frilled lizard (D:1)
  A kobold (D:2)
  4 rats
38 creatures vanquished.

Notes
Turn   | Place    | Note
-------+----------+-------------------------------------------
     0 | D:1      | LORDOFBUTT the Spriggan Conjurer began the quest for the Orb.
     0 | D:1      | Reached XP level 1. HP: 9/9 MP: 5/5
   460 | D:1      | Reached XP level 2. HP: 2/13 MP: 4/6
  1307 | D:2      | Found a runed door.
  1372 | D:2      | Found a snail-covered altar of Cheibriados.
  1409 | D:2      | Reached skill level 1 in Short Blades
  1409 | D:2      | Reached XP level 3. HP: 16/16 MP: 8/8
  1747 | D:2      | Noticed Robin
  1903 | D:2      | Learned a level 3 spell: Dazzling Spray
  1906 | D:2      | Learned a level 2 spell: Searing Ray
  2171 | D:2      | Slain by Robin

Vault maps used:
D:1:      roderic_octagonal_star, minmay_misc_feat_enclosed
D:2:      lemuel_crystal_altar, first_bread, grunt_decor_one_mirror, uniq_robin,
          uniq_crazy_yiuf_cottage

Skill      XL: |  1  2  3 |
---------------+----------+-----
Conjurations   | 3 |  3.4
Short Blades   | 1 |  1.6
Spellcasting   | 3 |  3.0
Dodging        | |  3.4
Stealth        | |  3.7

Action                   || total
-------------------------++-------
Melee: Unarmed           ||    21
       Short sword       ||    96
 Cast: Magic Dart        ||    32
       Searing Ray       ||     3
 Stab: Sleeping          ||     5
Armor: Robe              ||    30
Dodge: Dodged            ||   159
